 Dungeon Crawl Stone Soup version 0.19-a0-1457-g32fba05 (webtiles) character file.

63 Amnesiac the Bolt Thrower (level 4, 0/27 HPs)
             Began as a Kobold Hunter on Sept 7, 2016.
             Slain by Leszczynek's ghost (12 damage)
             ... on level 4 of the Dungeon.
             The game lasted 00:02:24 (911 turns).

Amnesiac the Bolt Thrower (Kobold Hunter)            Turns: 911, Time: 00:02:25

Health: 0/27       AC:  6    Str:  9    XL:     4   Next: 30%
Magic:  13/13      EV: 13    Int: 12    God:
Gold:   29         SH:  0    Dex: 16    Spells: 0 memorised, 3 levels left

rFire  . . .     SeeInvis .     a - +1 hand crossbow
rCold  . . .     Gourm    .     h - +0 ring mail
rNeg   . . .     Faith    .     (shield restricted)
rPois  .         Spirit   .     (no helmet)
rElec  .         Dismiss  .     (no cloak)
rCorr  .         Reflect  .     g - +0 pair of gloves
MR     .....     Harm     .     (no boots)
Stlth  +.........               (no amulet)
                                (no ring)
                                l - ring of magical power

@: no status effects
A: carnivore 3
a: no special abilities


You were on level 4 of the Dungeon.
You were completely stuffed.

You visited 1 branch of the dungeon, and saw 4 of its levels.

You collected 29 gold pieces.

Inventory:

Hand Weapons
 a - a +1 hand crossbow (weapon)
 b - a +0 short sword
Missiles
 d - 6 bolts (quivered)
Armour
 g - a +0 pair of gloves (worn)
 h - a +0 ring mail (worn)
 n - a +3 leather armour
Jewellery
 l - a ring of magical power (left hand)
Scrolls
 e - a scroll of remove curse {unknown}
 j - a scroll of random uselessness {unknown}
 k - 3 scrolls of identify {unknown}
 q - a scroll of noise {unknown}
Potions
 i - a potion of curing {unknown}
 m - a potion of mutation {unknown}
 p - a potion of ambrosia {unknown}
Comestibles
 c - a royal jelly
 f - a meat ration
 o - 2 chunks of flesh


   Skills:
 + Level 2.7 Fighting
 * Level 6.4 Crossbows
 - Level 2.4 Dodging
 - Level 1.3 Stealth


You had 3 spell levels left.
You didn't know any spells.

Dungeon Overview and Level Annotations

Branches:
Dungeon (4/15)
 Temple: D:4-7

Altars:

Annotations:
D:4 Leszczynek's ghost, novice HOWn


Innate Abilities, Weirdness & Mutations

You are small and have problems with some larger weapons.
You are carnivorous and can eat meat at any time.


Message History

Press: ? - help, Shift-Dir - straight line, f/p - Leszczynek's ghost
Aim: Leszczynek's ghost (moderately damaged)
You shoot a bolt. The bolt hits Leszczynek's ghost.
Leszczynek's ghost is heavily damaged.
Leszczynek's ghost hits you.
Firing (i - inventory):
d - 8 bolts (quivered)
Press: ? - help, Shift-Dir - straight line, f/p - Leszczynek's ghost
Aim: Leszczynek's ghost (heavily damaged)
You shoot a bolt.
The bolt hits Leszczynek's ghost but does no damage.
Leszczynek's ghost is heavily damaged.
Leszczynek's ghost hits you but does no damage.
Firing (i - inventory):
d - 7 bolts (quivered)
Press: ? - help, Shift-Dir - straight line, f/p - Leszczynek's ghost
Aim: Leszczynek's ghost (heavily damaged)
You shoot a bolt.
The bolt closely misses Leszczynek's ghost.
Leszczynek's ghost hits you. Leszczynek's ghost hits you!
You die...

###### #....#
#####....##########
..[..........[....###
.........#####....(####
#.............#..(..
##..........>..######
###########..........#...# #
.......<(.(((W@.###..#...######
...############## #######......
####### #### .... #.


You could see Leszczynek's ghost.

Vanquished Creatures
  An iguana (D:4)
  An ooze (D:3)
  2 giant geckos (D:3)
  9 orcs (D:3)
  2 bats
  2 giant cockroaches
  A jackal (D:3)
  A giant gecko skeleton (D:4)
  A giant newt (D:3)
  2 kobolds (D:3)
22 creatures vanquished.

Notes
Turn   | Place    | Note
-------+----------+-------------------------------------------
     0 | D:1      | Amnesiac the Kobold Hunter began the quest for the Orb.
     0 | D:1      | Reached XP level 1. HP: 12/12 MP: 1/1
    50 | D:2      | Reached skill level 5 in Crossbows
   142 | D:3      | Reached XP level 2. HP: 13/17 MP: 2/2
   276 | D:4      | Reached skill level 6 in Crossbows
   276 | D:4      | Reached XP level 3. HP: 22/22 MP: 3/3
   351 | D:4      | Noticed Leszczynek's ghost (novice HOWn)
   669 | D:3      | Reached XP level 4. HP: 27/27 MP: 4/4
   911 | D:4      | Slain by Leszczynek's ghost

Vault maps used:
D:1:      dpeg_arrival_simpleton_a, due_unseen_surprise
D:2:      hangedman_decor_lopped, kennysheep_generic_room_2
D:3:      kennysheep_cross_bottleneck, minivault_24, corexii_corridor_pit
D:4:      marbit_many_paths, lemuel_coloured_pillars_altar,
          amethyst_overflow_temple_binary, serial_shops, shop, okawaru_trees_2,
          uniq_natasha

Skill      XL: |  1  2 |
---------------+-------+-----
Crossbows      | 5 6 |  6.4
Fighting       | |  2.7
Dodging        | |  2.4
Stealth        | |  1.3

Action                   |  1- 3 |  4- 6 || total
-------------------------+-------+-------++-------
 Fire: Hand crossbow     |    44 |    49 ||    93
  Eat: Chunk             |     7 |     1 ||     8
Armor: Leather armour    |     3 |       ||     3
       Ring mail         |       |     2 ||     2
Dodge: Dodged            |    14 |     9 ||    23
